Map: Winter's Gate LE

Players

Mez

  • Race: Terran Terran
  • League: Master
  • Spawn Location: 5:00

Jakilau - Winner!

  • Race: Zerg Zerg
  • League: Master
  • Spawn Location: 11:00

VOD

Have the link to the VOD?

Description

Time

  • Played on: Sept. 2, 2019, 3:54 a.m.
  • Length: 18:50
Show
View Real Time Build Order
Export as new Build Order

Mez Terran 

Build Orders: Liberator Opening, Reaper Expand 

Get SALT Encoding   

  12  0:00  SCV  
  13  0:13  SCV  
  14  0:17  Supply Depot  
  14  0:25  SCV  
  15  0:38  SCV  
  15  0:40  Barracks  
  16  0:45  Refinery  
  16  0:51  SCV  
  17  1:03  SCV  
  18  1:15  SCV  
  19  1:28  Orbital Command  
  19  1:29  Reaper  
  20  1:40  Command Center  
  20  1:48  Supply Depot  
  20  1:57  SCV  
  21  2:04  Marine  
  22  2:09  SCV  
  22  2:11  Factory  
  22  2:15  Refinery  
  23  2:21  SCV  
  24  2:28  Barracks Reactor  
  24  2:33  SCV  
  25  2:46  SCV  
  26  2:55  Orbital Command  
  25  3:14  Starport  
  25  3:15  SCV  
  25  3:18  Hellion x2  
  30  3:23  SCV  
  30  3:25  Supply Depot  
  31  3:27  SCV, Barracks Tech Lab  
  32  3:35  Liberator, SCV  
  32  3:39  SCV  
  32  3:40  Hellion x2  
  38  3:47  SCV  
  39  3:51  SCV  
  43  4:01  SCV, Hellion x2  
  48  4:03  SCV  
  48  4:05  Marine  
  48  4:09  Supply Depot  
  50  4:16  SCV x2  
  50  4:33  SCV x2  
  50  4:35  Marine x2  
  54  4:42  Siege Tank  
  51  4:49  SCV  
  51  4:50  SCV  
  43  4:52  Marine  
  44  5:01  SCV  
  44  5:04  Starport Reactor  
  44  5:05  Barracks  
  45  5:08  SCV  
  45  5:14  SCV  
  47  5:20  SCV  
  48  5:26  SCV  
  48  5:27  Barracks, Factory Reactor  
  49  5:29  Command Center  
  49  5:33  SCV  
  50  5:37  Supply Depot  
  50  5:38  SCV  
  51  5:44  Marine, Stimpack  
  51  5:45  SCV  
  53  5:50  SCV  
  53  5:52  Engineering Bay x2  
  53  5:54  Starport Reactor  
  54  5:57  SCV  
  54  6:02  SCV  
  56  6:09  SCV  
  57  6:11  Marine, Refinery  
  57  6:13  Refinery  
  57  6:14  SCV  
  59  6:21  Marine x4, SCV  
  59  6:22  Terran Infantry Armor Level 1, Terran Infantry Weapons Level 1  
  59  6:25  Widow Mine x2  
  68  6:26  SCV  
  68  6:29  Marine  
  68  6:32  Medivac  
  69  6:33  SCV  
  69  6:38  Supply Depot x2  
  69  6:39  Supply Depot, Medivac  
  72  6:40  Marine x4  
  72  6:41  Orbital Command  
  76  6:48  Widow Mine x2  
  76  6:49  Marine  
  81  6:57  Marine, SCV x2  
  81  7:00  Orbital Command  
  84  7:02  Armory  
  84  7:09  SCV x2  
  84  7:14  Supply Depot  
  86  7:15  Medivac  
  86  7:16  Medivac  
  86  7:18  Marine x2  
  86  7:19  Supply Depot  
  86  7:21  Supply Depot  
  92  7:26  SCV x2  
  92  7:27  SCV  
  95  7:38  SCV x2  
  95  7:40  SCV  
  95  7:43  Supply Depot  
  98  7:45  Marine x5, Supply Depot  
  98  7:47  Medivac x2  
  98  7:49  Widow Mine  
  100  8:09  Marine  
  88  8:16  Marine  
  88  8:18  Widow Mine x2  
  85  8:24  SCV x3  
  85  8:26  Factory  
  87  8:28  Barracks  
  87  8:30  Barracks  
  87  8:36  SCV x2  
  87  8:37  SCV  
  79  8:41  Marine x5  
  78  8:48  SCV  
  78  8:49  SCV  
  78  8:53  Widow Mine x2  
  78  8:54  Medivac x2  
  84  8:59  Marine x4  
  84  9:00  SCV  
  84  9:01  SCV  
  87  9:03  Orbital Command  
  87  9:05  Marine  
  88  9:17  Marine x3  
  88  9:20  Marine  
  88  9:22  Marine, Barracks Reactor x2  
  93  9:28  Command Center  
  93  9:29  SCV x2  
  93  9:30  SCV, Supply Depot  
  96  9:32  Supply Depot  
  96  9:34  Marine  
  96  9:35  Marine x2  
  99  9:41  SCV x2  
  99  9:42  Marine x2  
  99  9:44  Factory Tech Lab, Widow Mine x2  
  107  9:46  Terran Infantry Armor Level 2, Terran Infantry Weapons Level 2  
  107  9:49  Terran Vehicle And Ship Armor Level 1  
  107  9:52  Marine  
  107  9:53  SCV x2  
  107  9:57  Marine x2  
  107  9:59  Medivac x2  
  116  10:00  Marine x2  
  116  10:04  Supply Depot  
  118  10:13  Marine x3  
  125  10:14  Drilling Claws, Widow Mine x2  
  125  10:16  Widow Mine  
  121  10:35  Widow Mine x2  
  121  10:36  Marine x8, Marauder  
  121  10:38  Widow Mine  
  90  10:58  Marauder  
  81  11:06  Marine x7  
  81  11:10  SCV x3  
  91  11:14  Marine  
  91  11:18  Marine  
  91  11:19  Widow Mine x2  
  91  11:20  Widow Mine  
  91  11:22  SCV x2  
  91  11:24  Marine  
  101  11:27  SCV  
  102  11:34  SCV x2  
  102  11:36  Marine x6  
  102  11:37  Marine x2  
  112  11:41  Widow Mine x2  
  112  11:42  Marine  
  117  11:54  Marine x8  
  117  11:57  Medivac  
  117  11:59  Marine, Widow Mine  
  130  12:02  Widow Mine  
  130  12:05  Orbital Command  
  107  12:10  Liberator x2  
  107  12:12  Marine x5  
  107  12:13  Marine x3  
  102  12:17  Marine  
  103  12:29  Marine, Planetary Fortress  
  107  12:30  Marine x3, SCV  
  107  12:31  SCV x2  
  110  12:43  SCV x3  
  111  12:51  Supply Depot  
  111  12:52  Marine x2  
  111  12:55  SCV x3  
  116  13:07  SCV x3  
  116  13:11  Supply Depot  
  116  13:12  Sensor Tower  
  119  13:19  SCV  
  120  13:24  SCV x3  
  122  13:28  Orbital Command  
  122  13:29  Marine x7  
  122  13:31  SCV  
  130  13:36  SCV  
  126  13:46  Marine  
  75  13:50  Marine x8  
  75  13:52  SCV x3  
  77  13:58  SCV  
  80  14:03  Widow Mine  
  80  14:04  Marine, SCV  
  80  14:05  SCV  
  80  14:07  Marine  
  84  14:13  Marine  
  84  14:14  Marine x5  
  90  14:20  Marine  
  90  14:21  Widow Mine  
  90  14:22  Marine, SCV  
  95  14:25  Marine  
  95  14:27  SCV x3  
  99  14:34  SCV  
  93  14:38  Marine  
  93  14:39  Marine x6  
  93  14:40  Marine  
  93  14:43  Marine  
  93  14:44  Widow Mine  
  100  14:51  SCV x3, Widow Mine x2  
  107  14:56  Marine x2  
  107  14:59  Sensor Tower  
  109  15:00  Supply Depot  
  109  15:04  Terran Infantry Weapons Level 3  
  109  15:13  Marine x7  
  109  15:23  Marine  
  85  15:32  Marauder  
  82  15:37  Marine x7  
  82  15:41  Marine, Widow Mine x2  
  73  15:49  Orbital Command  
  68  15:53  Marauder  
  68  15:55  Marine x6  
  72  16:08  Marine x2  
  63  16:13  Marine x3  
  61  16:27  Marine x2  
  61  16:28  Marine x2  
  65  16:37  Marine  
  66  16:46  SCV x2  
  68  16:49  Marine  
  69  16:56  Marine  
  61  17:09  Marine x3  
  61  17:14  Marine  
  61  17:20  Marine x2  
  57  17:40  Orbital Command  
  57  17:42  Marine x8  
  57  17:43  Marine  
  66  18:00  Marine x3, Widow Mine x3  
  50  18:25  Marine x8  
  50  18:26  Marine  
Show
View Real Time Build Order
Export as new Build Order

Jakilau Zerg - Winner!

Build Orders: Hatch First 

Get SALT Encoding   

  12  0:01  Drone  
  13  0:13  Overlord  
  13  0:18  Drone  
  14  0:31  Drone x2  
  14  0:35  Drone  
  17  0:54  Hatchery  
  17  0:56  Drone  
  17  0:59  Drone  
  18  1:10  Extractor  
  17  1:16  Spawning Pool  
  17  1:18  Drone  
  17  1:22  Drone  
  18  1:28  Drone  
  19  1:43  Overlord  
  19  2:02  Zergling x2  
  19  2:03  Queen, Zergling x2  
  19  2:05  Queen  
  19  2:07  Drone  
  26  2:11  Drone  
  27  2:26  Extractor  
  27  2:30  Drone x3  
  27  2:33  Drone  
  30  2:39  Drone  
  31  2:46  Extractor  
  31  2:47  Drone  
  31  2:49  Overlord  
  31  2:52  Roach Warren  
  31  3:04  Hatchery  
  30  3:11  Overlord x2  
  29  3:33  Roach x5  
  29  3:34  Roach  
  41  3:36  Roach  
  41  3:39  Roach  
  45  3:43  Drone  
  45  3:45  Drone  
  47  3:53  Drone  
  47  3:55  Drone  
  49  3:56  Drone  
  49  3:57  Drone  
  49  3:59  Drone  
  49  4:02  Queen  
  54  4:05  Overlord  
  54  4:07  Drone  
  55  4:16  Drone  
  56  4:19  Drone  
  56  4:22  Drone  
  58  4:26  Drone  
  58  4:30  Drone  
  60  4:32  Drone x4  
  60  4:38  Drone  
  65  4:41  Roach  
  65  4:43  Drone  
  65  4:45  Drone  
  57  4:53  Drone  
  57  4:54  Drone x2  
  57  4:56  Drone  
  57  4:57  Ravager  
  57  4:58  Drone x2  
  62  5:01  Drone  
  62  5:02  Drone  
  62  5:05  Drone  
  62  5:09  Drone  
  62  5:11  Extractor  
  62  5:13  Extractor  
  62  5:14  Drone  
  62  5:15  Evolution Chamber  
  62  5:16  Evolution Chamber  
  62  5:17  Drone  
  61  5:22  Drone  
  61  5:23  Drone  
  61  5:33  Roach x3  
  67  5:37  Roach  
  67  5:41  Queen  
  71  5:45  Hatchery  
  71  5:46  Overlord  
  71  5:48  Spore Crawler, Drone  
  70  5:53  Spore Crawler, Drone x4  
  70  5:54  Drone  
  74  6:01  Overlord  
  74  6:04  Spore Crawler, Drone x4  
  74  6:05  Overlord  
  74  6:07  Drone  
  74  6:08  Drone x2  
  80  6:13  Lair, Drone  
  80  6:14  Drone  
  80  6:16  Zerg Melee Weapons Level 1, Zerg Missile Weapons Level 1  
  82  6:19  Overlord x2  
  82  6:20  Drone  
  82  6:22  Drone x3  
  82  6:23  Drone  
  82  6:24  Drone  
  86  6:38  Baneling Nest  
  86  6:39  Drone  
  86  6:40  Drone x3  
  86  6:42  Spine Crawler, Extractor  
  86  6:44  Roach, Extractor  
  86  6:45  Roach, Spine Crawler  
  89  6:49  Overlord  
  89  6:54  Overlord x3  
  89  6:59  Roach x6  
  101  7:03  Overlord  
  101  7:08  Extractor  
  100  7:09  Zergling x6  
  100  7:10  Metabolic Boost  
  100  7:11  Zergling x2, Overseer  
  104  7:16  Zergling x2  
  104  7:17  Zergling x4  
  104  7:19  Zergling x2  
  104  7:21  Zergling x4  
  110  7:31  Zergling x2  
  110  7:32  Zergling x2  
  110  7:33  Zergling x16  
  120  7:37  Zergling x2  
  120  7:38  Overlord  
  120  7:44  Zergling x10  
  122  7:50  Hatchery  
  125  7:51  Zergling x2  
  125  7:53  Overlord x2  
  125  7:54  Overseer  
  125  7:55  Overseer x2  
  125  7:56  Zergling x2  
  127  8:03  Zergling x2  
  114  8:06  Zergling x8  
  114  8:08  Zergling x2  
  114  8:10  Zergling x8  
  114  8:12  Zergling x2  
  109  8:15  Zergling x2  
  109  8:19  Zergling x4  
  107  8:24  Zergling x2  
  108  8:28  Queen  
  108  8:29  Centrifical Hooks  
  108  8:31  Zerg Melee Weapons Level 2, Zerg Missile Weapons Level 2  
  108  8:33  Zergling x2  
  111  8:34  Zergling x2  
  111  8:35  Zergling x4  
  111  8:36  Zergling x2  
  111  8:38  Zergling x2  
  111  8:39  Zergling x2  
  114  8:45  Zergling x2  
  114  8:47  Zergling x2  
  113  8:50  Zergling x2  
  113  8:52  Zergling x2  
  113  8:55  Zergling x2  
  102  8:57  Zergling x8  
  102  8:58  Zergling x10  
  102  9:01  Zergling x2  
  107  9:03  Zergling x2  
  107  9:05  Zergling x2  
  107  9:09  Drone  
  103  9:11  Zergling x2  
  103  9:13  Infestation Pit, Drone  
  103  9:15  Drone  
  98  9:24  Zergling x2  
  98  9:35  Drone  
  98  9:36  Queen  
  101  9:44  Overlord  
  101  9:49  Spine Crawler  
  101  9:50  Spine Crawler  
  99  9:54  Zergling x16  
  99  9:55  Zergling x22  
  99  9:58  Pathogen Glands  
  118  10:01  Baneling x16  
  118  10:02  Baneling x22  
  118  10:03  Overlord x2  
  118  10:06  Drone x5  
  123  10:08  Drone x2  
  123  10:12  Zergling x6  
  123  10:13  Zergling x2  
  129  10:15  Hive  
  129  10:18  Zergling x2  
  130  10:23  Zergling x2  
  130  10:24  Overlord x2  
  127  10:33  Overlord x3  
  127  10:34  Overlord x2  
  126  10:38  Zergling x2  
  126  10:40  Zergling x4  
  126  10:41  Zergling x6  
  126  10:42  Zergling x2  
  110  10:44  Zergling x2  
  96  10:51  Zergling x2  
  96  10:52  Zergling x12  
  95  10:57  Zergling x2  
  95  10:59  Zergling x2  
  95  11:01  Zergling x2  
  95  11:02  Zergling x10  
  99  11:05  Zergling x4  
  99  11:07  Zergling x2  
  99  11:10  Zergling x2  
  100  11:13  Zergling x2  
  100  11:14  Zergling x2  
  100  11:16  Overseer x2  
  100  11:18  Baneling x4  
  102  11:19  Baneling x11  
  102  11:20  Drone, Baneling  
  102  11:22  Drone  
  104  11:35  Drone x5  
  104  11:36  Drone  
  110  11:46  Hatchery  
  109  11:49  Zergling x14  
  109  11:50  Zergling x10  
  109  11:51  Zergling x2  
  109  11:52  Zergling x2  
  123  11:56  Zergling x2  
  123  11:57  Zergling x6  
  123  11:59  Zergling x2  
  125  12:03  Zergling x2  
  125  12:06  Zergling x2  
  125  12:07  Zergling x10  
  121  12:10  Zergling x8  
  121  12:13  Zergling x2  
  121  12:15  Zergling x4  
  118  12:16  Zergling x2  
  118  12:17  Zergling x2  
  119  12:29  Zergling x2  
  120  12:30  Zergling x16  
  120  12:33  Zergling x2  
  120  12:35  Zergling x2  
  126  12:39  Zergling x2  
  118  12:51  Ultralisk Cavern  
  118  12:56  Baneling x12  
  118  12:57  Baneling x11  
  117  13:00  Overseer  
  117  13:06  Drone  
  118  13:14  Drone  
  118  13:15  Drone x9  
  118  13:17  Drone  
  129  13:24  Zergling x10  
  134  13:28  Zergling x2  
  134  13:29  Zergling x4  
  134  13:30  Zergling x2  
  134  13:31  Zergling x2  
  134  13:33  Zergling x2  
  140  13:37  Zergling x2  
  140  13:38  Zergling x2  
  140  13:39  Zergling x4  
  136  13:41  Zergling x4  
  136  13:45  Zergling x2  
  136  13:47  Zergling x2  
  116  13:48  Zergling x2  
  116  13:50  Zergling x8  
  116  13:51  Zergling x2  
  116  13:57  Overseer  
  116  14:00  Ultralisk  
  116  14:02  Chitinous Plating  
  119  14:08  Drone  
  114  14:11  Drone  
  114  14:12  Drone  
  114  14:13  Drone x5  
  114  14:16  Drone  
  122  14:17  Drone  
  122  14:18  Drone  
  123  14:28  Zergling x12  
  123  14:29  Zergling x2  
  123  14:30  Zergling x2  
  130  14:34  Zergling x2  
  130  14:35  Zergling x2  
  126  14:49  Ultralisk  
  132  14:54  Baneling  
  132  14:55  Baneling x15  
  132  14:56  Baneling  
  132  15:07  Hatchery  
  125  15:22  Zergling x2  
  125  15:24  Zergling x2  
  125  15:27  Zergling x22  
  125  15:28  Zergling x2  
  121  15:29  Zergling x2  
  121  15:31  Zergling x2  
  121  15:32  Zergling x2  
  121  15:35  Zergling x2  
  118  15:37  Zergling x2  
  118  15:38  Zergling x6  
  118  15:40  Zergling x2  
  118  15:42  Zergling x2  
  121  15:43  Zergling x2  
  121  15:45  Zergling x2  
  121  15:46  Zergling x2  
  121  15:48  Zergling x2  
  121  15:49  Zergling x2  
  124  15:51  Zergling x2  
  124  15:55  Anabolic Synthesis  
  125  15:59  Zergling x2, Drone  
  125  16:00  Zergling x2  
  125  16:01  Zergling x2  
  125  16:02  Zergling x2  
  129  16:07  Zergling x4  
  129  16:09  Zergling x4  
  133  16:12  Zergling x2  
  133  16:18  Zergling x2  
  133  16:23  Ultralisk, Extractor x2  
  122  16:34  Ultralisk  
  127  16:43  Overlord  
  127  16:44  Overlord x2  
  127  16:51  Overlord x2  
  127  16:52  Overlord  
  127  16:55  Baneling  
  127  16:56  Baneling x5  
  125  17:07  Zergling x2  
  125  17:08  Zergling x2  
  108  17:09  Zergling x38  
  108  17:14  Zergling x2  
  119  17:17  Overseer x2  
  119  17:22  Ultralisk  
  123  17:23  Ultralisk  
  126  17:38  Baneling  
  126  17:39  Overseer x2, Baneling x10  
  126  17:44  Ultralisk  
  132  17:48  Ultralisk  
  138  17:56  Zergling x2  
  138  17:57  Zergling x20  
  138  17:58  Zergling x2  
  150  18:05  Zergling x2  
  150  18:07  Zergling x16  
  150  18:09  Zergling x2  
  150  18:10  Zergling x6  
  156  18:18  Baneling  
  156  18:19  Baneling x11  
  148  18:20  Zergling x2  
  148  18:22  Zergling x2  
  148  18:23  Zergling x8  
  152  18:29  Zergling x2  
  152  18:30  Zergling x2, Extractor x2  
  152  18:31  Zergling x8  
Tags
 
Add a new tag
Caveats
  • Supply blocks, unpowered buildings, or Contaminate may cause inaccurate times.
  • Supply counts are checked every 10 seconds.